 Dungeon Crawl Stone Soup version 0.17-a0-1533-g2f57bce (webtiles) character file.

38 nubinia the Digger (level 3, -2/21 HPs)
             Began as an Octopode Earth Elementalist on July 16, 2015.
             Slain by a quokka (4 damage)
             ... on level 2 of the Dungeon.
             The game lasted 00:07:41 (2200 turns).

nubinia the Digger (Octopode Earth Elementalist)    Turns: 2200, Time: 00:07:41

Health: -2/21      AC:  1    Str:  7    XL:     3   Next: 43%
Magic:  1/7        EV: 12    Int: 18    God:
Gold:   94         SH:  0    Dex: 12    Spells: 3 memorised, 1 level left

rFire  . . .     SeeInvis .     k - +0 short sword (speed)
rCold  . . .     Clarity  .     (no shield)
rNeg   . . .     SustAt   .     (helmet restricted)
rPois  .         Gourm    .     (no amulet)
rElec  .         Spirit   .     (no ring)
rCorr  .         Warding  .     (no ring)
rMut   .         Stasis   .     (no ring)
MR     .....                    (no ring)
Stlth  +++.......               (no ring)
                                (no ring)
                                (no ring)
                                (no ring)

@: not resistant to hostile enchantments, fairly stealthy
A: almost no armour, amphibious, 8 rings, constrict 8, camouflage 1, gelatinous
body 1
a: no special abilities


You were on level 2 of the Dungeon.
You were not hungry.

You visited 1 branch of the dungeon, and saw 2 of its levels.

You collected 94 gold pieces.

Inventory:

Hand weapons
 d - a +0 short sword
 k - a +0 short sword of speed (weapon)
Missiles
 a - 102 stones (quivered)
Scrolls
 e - 2 scrolls of magic mapping
Potions
 g - a potion of invisibility
 h - a potion of heal wounds {unknown}
 i - 2 potions of curing
 j - a potion of agility {unknown}
 m - a potion of magic
 o - 2 potions of flight {unknown}
Books
 b - a book of Geomancy

   Spells                             Type                      Level
   a - Sandblast                      Earth                        1
   b - Stoneskin                      Transmutation/Earth          2
   c - Passwall                       Transmutation/Earth          3
   d - Stone Arrow                    Conjuration/Earth            3
   e - Petrify                        Transmutation/Earth          4
   f - Lee's Rapid Deconstruction     Earth                        5
Comestibles
 c - 3 bread rations
 f - a meat ration
 l - a chunk of flesh
 n - a beef jerky


   Skills:
 + Level 0.2 Short Blades
 + Level 2.2 Dodging
 + Level 3.0 Stealth
 + Level 2.8 Spellcasting
 + Level 1.0 Transmutations
 + Level 3.4 Earth Magic


You had one spell level left.
You knew the following spells:

 Your Spells              Type           Power        Failure   Level  Hunger
a - Sandblast             Erth           ##....       4%          1    None
b - Stoneskin             Trmt/Erth      ##......     12%         2    ##.....
c - Passwall              Trmt/Erth      ##........   24%         3    ###....


Dungeon Overview and Level Annotations

Branches:
Dungeon (2/15)

Altars:

Annotations:
D:2 exclusion: adder


Innate Abilities, Weirdness & Mutations

You cannot wear most types of armour.
You are amphibious.
You can wear up to eight rings at the same time.
You can use your tentacles to constrict eight enemies at once.
Your skin changes colour to match your surroundings (Stealth).
Your rubbery body absorbs attacks (AC +1).


Message History

Unknown command.
Casting: Sandblast
Confirm with . or Enter, or press ? or * to list all spells.
Aiming: Sandblast
Press: ? - help, Shift-Dir - straight line, f/p - quokka
Aim: a quokka (heavily wounded)
The blast of sand hits the quokka.
The quokka is heavily wounded.
The quokka bites you.
* * * LOW HITPOINT WARNING * * *
Unknown command.
Unknown command.
Unknown command.
Casting: Sandblast
Confirm with . or Enter, or press ? or * to list all spells.
Aiming: Sandblast
Press: ? - help, Shift-Dir - straight line, f/p - quokka
Aim: a quokka (heavily wounded)
The blast of sand misses the quokka.
The quokka bites you.
You die...

#.. #.# ##.## ... # #
#.#### #.# #
##+#....##.... +
#............. ######
#.....@r...... .#.....
#............. .......
##.#####.#.... .S.....
##.#...#.#.... .......
#....#...........#l#...
#..###....(......#.##.#
#................#.##.#
#.....##.#.#+##..#.##.#
#.....##.#+#.##..#.##.#


You could see a quokka.

Vanquished Creatures
  A giant gecko (D:1)
  5 bats (D:2)
  A giant cockroach (D:1)
  9 hobgoblins
  A quokka (D:2)
  2 giant newts (D:2)
  5 goblins (D:2)
  4 kobolds
  8 rats
36 creatures vanquished.

Notes
Turn   | Place    | Note
--------------------------------------------------------------
     0 | D:1      | nubinia the Octopode Earth Elementalist began the quest for the Orb.
     0 | D:1      | Reached XP level 1. HP: 11/11 MP: 3/3
   240 | D:1      | Reached XP level 2. HP: 6/17 MP: 0/5
   463 | D:1      | Learned a level 2 spell: Stoneskin
  1561 | D:2      | Reached XP level 3. HP: 18/21 MP: 6/6
  1570 | D:2      | Learned a level 3 spell: Passwall
  1607 | D:2      | Found a faded altar to an unknown god.
  2200 | D:2      | Slain by a quokka

Vault maps used:
D:1:      scummos_arrival_forest
D:2:      ecumenical_altar_2

Action                   || total
-------------------------++-------
Melee: Short sword       ||    54
 Cast: Sandblast         ||    32
       Stoneskin         ||     2
  Use: Scroll            ||     8
 Stab: Sleeping          ||     8
  Eat: Chunk             ||     4
